Map: King's Cove LE

Players

Neeb - Winner!

  • Race: Protoss Protoss
  • League: Grandmaster
  • Spawn Location: 11:00

puCK (Nina)

  • Race: Protoss Protoss
  • League: Grandmaster
  • Spawn Location: 5:00

Event: 2019 WCS Winter Americas

VOD

Have the link to the VOD?

Description

Time

  • Played on: Feb. 16, 2019, 1:35 p.m.
  • Length: 10:05

All games in this series

Show
View Real Time Build Order
Export as new Build Order

Neeb Protoss - Winner!

Build Orders:  

Get SALT Encoding   

  12  0:00  Probe  
  13  0:12  Probe  
  14  0:17  Pylon  
  14  0:24  Probe  
  15  0:32  Probe  
  15  0:38  Gateway  
  15  0:40  Probe  
  16  0:48  Assimilator  
  17  0:51  Probe  
  17  0:56  Assimilator  
  18  1:00  Probe  
  19  1:08  Probe  
  19  1:10  Gateway  
  19  1:18  Probe  
  21  1:26  Cybernetics Core  
  21  1:30  Probe  
  22  1:37  Pylon  
  22  1:42  Probe  
  23  1:55  Warp Gate, Probe  
  24  2:05  Stalker, Sentry  
  24  2:07  Probe  
  29  2:14  Pylon  
  29  2:31  Probe  
  30  2:39  Nexus, Probe  
  31  2:45  Sentry  
  31  2:48  Probe  
  31  2:49  Sentry  
  36  2:58  Shield Battery  
  36  3:00  Probe  
  38  3:18  Pylon  
  38  3:20  Robotics Facility  
  38  3:23  Shield Battery  
  37  3:29  Probe  
  38  3:36  Shield Battery  
  38  3:41  Probe  
  38  3:43  Sentry x2  
  43  3:51  Probe  
  43  3:54  Probe  
  45  3:55  Immortal  
  45  4:04  Probe  
  45  4:06  Probe  
  51  4:11  Pylon  
  52  4:19  Stalker  
  52  4:20  Stalker  
  55  4:26  Shield Battery  
  55  4:27  Warp Prism  
  55  4:30  Pylon  
  59  4:46  Twilight Council  
  59  4:49  Stalker  
  59  4:52  Stalker  
  61  4:59  Pylon  
  57  5:02  Probe x2  
  49  5:16  Stalker x2  
  53  5:35  Stalker x2  
  53  5:37  Probe x2  
  55  5:51  Probe  
  51  5:58  Probe  
  51  6:00  Stalker x2  
  51  6:02  Probe  
  49  6:10  Probe x2  
  51  6:18  Probe  
  51  6:23  Probe  
  51  6:25  Immortal  
  53  6:26  Assimilator  
  53  6:31  Probe  
  54  6:35  Probe  
  59  6:43  Probe  
  60  6:47  Probe  
  57  6:55  Probe  
  57  7:01  Probe  
  59  7:03  Assimilator  
  59  7:05  Assimilator  
  59  7:08  Probe  
  60  7:09  Pylon  
  60  7:13  Probe  
  61  7:17  Probe  
  62  7:25  Probe x2  
  64  7:34  Probe, Twilight Council  
  64  7:35  Forge  
  64  7:37  Probe  
  64  7:38  Pylon  
  64  7:41  Blink, Gateway  
  64  7:43  Gateway  
  66  7:46  Probe  
  66  7:49  Probe  
  69  7:58  Protoss Ground Weapons Level 1  
  69  8:01  Probe  
  69  8:07  Gateway  
  69  8:09  Gateway  
  69  8:12  Stalker x2  
  73  8:15  Gateway  
  73  8:30  Immortal  
  77  8:36  Stalker  
  77  8:37  Stalker x2  
  83  8:52  Stalker  
  85  9:00  Stalker  
  85  9:01  Stalker x2  
  85  9:11  Stalker x3  
  87  9:24  Stalker x3  
  87  9:35  Stalker x3  
  77  9:47  Stalker  
  77  9:57  Stalker x3  
Show
View Real Time Build Order
Export as new Build Order

puCK Protoss 

Build Orders:  

Get SALT Encoding   

  12  0:00  Probe  
  13  0:13  Probe  
  14  0:18  Pylon  
  14  0:25  Probe  
  15  0:33  Probe  
  15  0:38  Gateway  
  15  0:41  Probe  
  16  0:47  Assimilator  
  17  0:51  Probe  
  17  0:56  Assimilator  
  18  0:59  Probe  
  19  1:07  Probe  
  20  1:14  Gateway  
  20  1:17  Probe  
  21  1:25  Cybernetics Core  
  21  1:29  Probe  
  22  1:35  Pylon  
  22  1:42  Probe  
  23  1:54  Probe  
  24  2:02  Stalker  
  24  2:03  Sentry  
  24  2:06  Warp Gate  
  24  2:07  Probe  
  29  2:12  Pylon  
  29  2:29  Stalker  
  31  2:32  Stalker  
  33  2:40  Gateway  
  33  2:42  Probe  
  34  2:57  Robotics Facility  
  34  3:00  Stalker  
  34  3:04  Stalker  
  38  3:12  Pylon  
  38  3:34  Warp Prism  
  38  3:40  Pylon  
  40  3:54  Stalker x2  
  40  3:55  Stalker  
  46  4:03  Robotics Bay  
  46  4:08  Probe  
  47  4:16  Stalker  
  49  4:22  Pylon  
  49  4:31  Sentry  
  51  4:35  Pylon  
  51  4:36  Zealot  
  53  5:04  Zealot x3  
  57  5:21  Disruptor  
  55  5:24  Zealot  
  55  5:25  Zealot x2  
  60  5:45  Adept x3  
  58  5:55  Probe  
  55  6:02  Disruptor  
  48  6:17  Nexus  
  48  6:18  Probe  
  47  6:20  Sentry x2  
  51  6:34  Sentry  
  51  6:35  Gateway  
  53  6:46  Zealot  
  55  6:50  Colossus  
  54  7:03  Probe  
  54  7:06  Pylon  
  57  7:15  Zealot, Probe  
  60  7:19  Pylon  
  60  7:27  Gateway  
  60  7:34  Stalker  
  60  7:35  Phoenix, Sentry  
  64  7:40  Probe  
  65  7:46  Warp Prism  
  63  7:58  Sentry  
  65  8:00  Probe  
  65  8:03  Probe  
  67  8:09  Stalker  
  67  8:12  Stalker, Probe  
  72  8:18  Adept  
  74  8:24  Stalker  
  74  8:25  Zealot  
  78  8:33  Zealot  
  80  8:34  Pylon  
  80  8:37  Zealot  
  82  8:49  Pylon  
  82  8:59  Pylon  
  66  9:20  Stalker x2  
  66  9:21  Adept  
  67  9:28  Zealot  
  47  9:46  Zealot x2  
  47  9:48  Zealot x2  
Tags
 
Add a new tag
Caveats
  • Supply blocks, unpowered buildings, or Contaminate may cause inaccurate times.
  • Supply counts are checked every 10 seconds.